 Dungeon Crawl Stone Soup version 0.30.1-11-g7821555f0a (console) character file.

Game seed: 10762443952718219110

2390 merbi the Magician (level 9, -2/62 HPs)
             Began as a Human Hedge Wizard on Nov 8, 2023.
             Was a Believer of Sif Muna.
             Slain by an ice beast (14 damage)
             ... on level 8 of the Dungeon.
             The game lasted 01:29:28 (9219 turns).

merbi the Magician (Human Hedge Wizard)             Turns: 9219, Time: 01:29:28

Health: -2/62      AC:  8    Str: 13    XL:     9   Next: 74%
Magic:  12/19      EV: 13    Int: 16    God:    Sif Muna [**....]
Gold:   354        SH:  0    Dex: 13    Spells: 1/22 levels left

rFire   . . .        C - +2 falchion (elec)
rCold   . . .        (no shield)
rNeg    . . .        b - +2 robe
rPois   .            c - +1 hat
rElec   .            (no cloak)
rCorr   .            B - +0 pair of gloves
SInv    .            q - +1 pair of boots
Will    .....        (no amulet)
Stlth   ++           (no ring)
HPRegen 0.30/turn    (no ring)
MPRegen 0.16/turn

%: no passive effects
@: unable to drink
A: mutation resistance 1, inability to drink after injury 1
a: Renounce Religion, Channel Magic


You were on level 8 of the Dungeon.
You worshipped Sif Muna.
Sif Muna was pleased with you.
You visited 2 branches of the dungeon, and saw 9 of its levels.
You also visited: Sewer.

You collected 354 gold pieces.

Inventory:

Hand Weapons
 a - a +0 dagger
 d - a +0 short sword
 f - a +0 spear
 y - a +1 short sword of draining
 z - a +0 dagger
 A - a +0 arbalest
 C - a +2 falchion of electrocution (weapon)
 D - a +0 spear
 E - a +0 spear
 F - a +3 whip
 G - a +0 vampiric dagger
 I - a +0 short sword of venom
Missiles
 e - 2 datura-tipped darts
 g - 119 stones
 H - 27 poisoned darts
 J - 6 boomerangs
Armour
 b - a +2 robe (worn)
 c - a +1 hat (worn)
 j - a +0 leather armour
 n - a +0 scale mail
 q - a +1 pair of boots (worn)
 t - a +0 helmet
 v - a +0 ring mail
 B - a +0 pair of gloves (worn)
 L - a +0 robe
Magical Staves
 o - a staff of cold
 P - a staff of poison
Jewellery
 l - a ring of fire
 r - a ring of ice
 w - an amulet of reflection
 M - an amulet of guardian spirit
Wands
 K - a wand of roots (5)
Scrolls
 k - a scroll of vulnerability
 p - 2 scrolls of teleportation
 s - a scroll of fog
 N - a scroll of fear
 O - a scroll of enchant armour
 Q - a scroll of blinking
Potions
 h - a potion of attraction
 i - a potion of flight
 m - a potion of lignification
 u - a potion of mutation
 x - a potion of degeneration


   Skills:
 + Level 2.9 Fighting
 + Level 0.6(2.8) Short Blades
 + Level 4.4(4.5) Long Blades
 + Level 1.0 Staves
 + Level 0.5 Throwing
 + Level 4.9 Dodging
 + Level 3.3 Stealth
 + Level 2.0 Shields
 + Level 7.1 Spellcasting
 + Level 3.6 Conjurations
 + Level 1.9 Hexes
 + Level 2.9 Summonings
 + Level 1.6 Translocations
 + Level 0.1 Ice Magic
 + Level 0.5 Air Magic
 + Level 0.2 Poison Magic
 + Level 0.9 Invocations
 + Level 1.0 Evocations


You had one spell level left.
You knew the following spells:

 Your Spells              Type           Power      Damage    Failure   Level
a - Magic Dart            Conj           68%        1d6       2%          1
b - Blink                 Tloc           22%        N/A       10%         2
c - Call Imp              Summ           30%        N/A       5%          2
d - Slow                  Hex            48%        N/A       5%          1
e - Cigotuvi's Dreadful   Necr/Pois/Air  12%        N/A       17%         2
f - Vampiric Draining     Necr           5%         2d6       34%         3
g - Mephitic Cloud        Conj/Pois/Air  10%        N/A       21%         3
h - Confusing Touch       Hex            12%        N/A       16%         3
i - Summon Ice Beast      Ice/Summ       10%        N/A       54%         4

Your spell library contained the following spells:

 Spells                   Type           Power      Damage    Failure   Level
 Frozen Ramparts          Ice            12%        1d2       34%         3
 Ice Form                 Ice/Tmut       5%         N/A       75%         4


Dungeon Overview and Level Annotations

Branches:
Dungeon (8/15)             Temple (1/1) D:4           Sewer (visited)
   Lair: D:8-11

Altars:
Ashenzari
Cheibriados
Elyvilon
Fedhas
Hepliaklqana
Kikubaaqudgha
Makhleb
Nemelex Xobeh
Okawaru
Qazlal
Ru
Sif Muna
Trog
Uskayaw
Vehumet
Wu Jian
Xom
The Shining One


Innate Abilities, Weirdness & Mutations

You are somewhat resistant to further mutation.
You occasionally lose the ability to drink potions when taking damage.


Message History

Okay, then.
What are your orders? t - Shout!
Orders for allies: a - Attack new target. p - Attack previous target. r - Retreat! s - Stop attacking. g - Guard the area. f - Follow me.
Anything else - Cancel.
Gang up on whom?
Press: ? - help, Dir - move target, f - rime drake, p - ice beast
Aim: a rime drake (moderately wounded) Attack!
The ice encasing you melts away.
Your cerulean imp barely misses the rime drake.
The rime drake breathes ice at you.
The icy flash freeze hits your cerulean imp!
Your cerulean imp dies!
Your cerulean imp disappears in a puff of smoke!
You barely miss the ice beast.
The ice beast is lightly wounded.
The ice beast hits you but does no damage.
You hit the ice beast.
The ice beast is moderately wounded.
You feel stable enough to blink again. The ice beast completely misses you.
Your magical contamination has completely faded away.
You hit the ice beast.
Lightning courses through the ice beast!
The ice beast is almost dead.
The ice beast barely misses you. The rime drake completely misses you.
The ice beast hits you. The ice beast freezes you!
You feel threatened and lose the ability to drink potions!
* * * LOW HITPOINT WARNING * * *
You cannot drink potions in your current state!
There are monsters nearby!
You swing at nothing.
The rime drake bites you but does no damage.
The ice beast hits you.
* * * LOW HITPOINT WARNING * * *
The ice beast freezes you!
You die...

..... ..
#+###...# ..#
...#.....###.##
........#.#....
.............
...........
#...Y..#
#..?.@###...
#....k.#...##
##....#.#...#
#...........
#.#......~.~
#............
#...~........
#.....#.....~
#....+.......


You could see a rime drake and an ice beast.

Vanquished Creatures
  A steam dragon (D:7)
  3 yaks (D:6)
  An orc warrior (D:6)
  2 black bears (D:6)
  An ice beast (D:7)
  A sky beast (D:7)
  Pargi (Sewer)
  A phantom (D:4)
  A kobold brigand (D:7)
  A bullfrog (D:7)
  A scorpion (D:6)
  A howler monkey (D:6)
  2 hounds
  2 jellies
  4 orc priests (D:6)
  4 sleepcaps
  An iguana (D:6)
  An orc wizard (D:6)
  3 gnolls (D:4)
  11 adders
  2 ufetubi
  2 worms (D:4)
  A dart slug (D:4)
  13 orcs
  7 bats
  7 endoplasms
  A giant cockroach (D:1)
  9 goblins
  7 hobgoblins
  4 jackals (D:1)
  24 kobolds
  2 quokkas
  3 ball pythons
  6 frilled lizards
  3 rats (D:1)
134 creatures vanquished.

Vanquished Creatures (collateral kills)
  An ogre (D:6)
  A kobold brigand (D:7)
  A howler monkey (D:6)
  An orc priest (D:6)
  A gnoll (D:4)
  A shadow imp (D:6)
  A dart slug (D:1)
  7 orcs
  9 kobolds
  A quokka (D:2)
  2 ball pythons
  4 bats
  2 rats (D:2)
32 creatures vanquished.

Vanquished Creatures (others)
  A kobold brigand (D:4)
1 creature vanquished.

Grand Total: 167 creatures vanquished

Notes
Turn   | Place    | Note
-------+----------+-------------------------------------------
     0 | D:1      | merbi the Human Hedge Wizard began the quest for the Orb.
     0 | D:1      | Reached XP level 1. HP: 13/13 MP: 4/4
   206 | D:1      | Reached XP level 2. HP: 19/19 MP: 0/6
   326 | D:1      | Learned a level 2 spell: Blink
   329 | D:1      | Learned a level 2 spell: Call Imp
   331 | D:1      | Learned a level 1 spell: Slow
   394 | D:1      | Found a faded altar of an unknown god.
   615 | D:1      | Reached XP level 3. HP: 13/24 MP: 2/8
  1135 | D:1      | Found an ornate altar of the Wu Jian Council.
  1504 | D:2      | Learned a level 2 spell: Cigotuvi's Dreadful Rot
  1553 | D:2      | Reached XP level 4. HP: 28/30 MP: 2/9
  2156 | D:3      | Found a glowing drain.
  2165 | Sewer    | Entered a sewer
  2217 | Sewer    | Noticed Pargi
  2284 | Sewer    | Killed Pargi
  2285 | Sewer    | Reached skill level 4 in Spellcasting
  2285 | Sewer    | Reached XP level 5. HP: 18/36 MP: 2/11
  2416 | D:3      | Learned a level 3 spell: Vampiric Draining
  2468 | D:3      | Reached skill level 1 in Fighting
  3010 | D:3      | Reached XP level 6. HP: 41/42 MP: 1/12
  3116 | D:3      | Found a sacrificial altar of Ru.
  3118 | D:3      | Found a shimmering blue altar of Sif Muna.
  3118 | D:3      | Found a radiant altar of Vehumet.
  3144 | D:3      | Became a worshipper of Sif Muna the Loreminder
  3991 | D:4      | Reached skill level 1 in Staves
  4089 | D:4      | Gained mutation: You occasionally lose the ability to drink
                  | potions when taking damage. [potion of mutation]
  4089 | D:4      | Gained mutation: You are somewhat resistant to further
                  | mutation. [potion of mutation]
  4419 | D:4      | Found a staircase to the Ecumenical Temple.
  4468 | Temple   | Entered the Ecumenical Temple
  4592 | D:4      | Reached skill level 1 in Hexes
  4592 | D:4      | Reached XP level 7. HP: 48/48 MP: 2/14
  4632 | D:4      | Reached skill level 5 in Spellcasting
  4646 | D:4      | Learned a level 3 spell: Mephitic Cloud
  4775 | D:4      | Reached * piety under Sif Muna
  5906 | D:5      | Entered Level 5 of the Dungeon
  6055 | D:5      | You fall into a shaft and drop 1 floor!
  6076 | D:6      | Reached ** piety under Sif Muna
  6203 | D:6      | Learned a level 3 spell: Confusing Touch
  6242 | D:6      | Reached XP level 8. HP: 46/56 MP: 11/16
  6319 | D:6      | Reached skill level 1 in Long Blades
  6337 | D:6      | Reached skill level 6 in Spellcasting
  6445 | D:6      | Noticed a yak
  6452 | D:6      | Noticed a yak
  6457 | D:6      | Noticed a yak
  7519 | D:6      | Reached XP level 9. HP: 42/61 MP: 16/19
  7529 | D:6      | Learned a level 4 spell: Summon Ice Beast
  8186 | D:6      | Reached skill level 1 in Shields
  8186 | D:6      | Reached skill level 7 in Spellcasting
  8418 | D:7      | Reached skill level 1 in Evocations
  8969 | D:7      | Noticed a nameless horror
  9195 | D:8      | Noticed a rime drake
  9219 | D:8      | Slain by an ice beast

Illustrated notes

Levels and vault maps discovered:
D:1:      dpeg_arrival_water_altar, layout_basic,
          ebering_ecumenical_altar_abandoned
D:2:      layout_rooms, serial_park_tiny_2
D:3:      layout_loops_ring, gammafunk_temple_overflow_claw,
          portal_sewer_entry_d
D:4:      kennysheep_kobold_camp, layout_layer_cave,
          minmay_temple_entry_statues, nicolae_ossuary_entry_plus
D:5:      layout_rooms, gammafunk_ghost_split, nicolae_shop_vocational,
          uniq_edmund
D:6:      layout_loops_cross, minmay_misc_feat_tiny, grunt_decor_clamped
D:7:      layout_basic, minivault_5, nicolae_shop_i_like_big_books, uniq_maggie
D:8:      layout_gridville, hellmonk_lair_entry_icy, serial_shops,
          nicolae_book_shop_shelving
Temple:   nicolae_temple_no_exploring_needed

Skill      XL: |  1  2  3  4  5  6  7  8  9 |
---------------+----------------------------+-----
Spellcasting   | 4 5 6 7 |  7.1
Conjurations   | 2 3 |  3.6
Fighting       | 1 2 |  2.9
Staves         | 1 |  1.0
Hexes          | 1 |  1.9
Dodging        | 3 4 |  4.9
Summonings     | 2 |  2.9
Long Blades    | 2 4 |  4.4
Stealth        | 3 |  3.3
Shields        | 2 |  2.0
Evocations     | 1 |  1.0
Short Blades   | |  0.6
Throwing       | |  0.5
Translocations | |  1.6
Ice Magic      | |  0.1
Air Magic      | |  0.5
Poison Magic   | |  0.2
Invocations    | |  0.9

Action                     |  1- 3 |  4- 6 |  7- 9 || total
---------------------------+-------+-------+-------++-------
  Melee: Dagger            |    31 |       |       ||    31
         Staff             |     5 |    51 |    25 ||    81
         Short sword       |       |     1 |    14 ||    15
         Falchion          |       |       |   201 ||   201
         Punch             |       |       |     6 ||     6
  Throw: Boomerang         |       |       |     5 ||     5
         Dart              |       |       |     1 ||     1
   Cast: Magic Dart        |    69 |   107 |   127 ||   303
         Call Imp          |     3 |    18 |    30 ||    51
         Slow              |       |    10 |     5 ||    15
         Blink             |       |    11 |    13 ||    24
         Vampiric Draining |       |     1 |     1 ||     2
         Mephitic Cloud    |       |       |     8 ||     8
         Confusing Touch   |       |       |     8 ||     8
         Summon Ice Beast  |       |       |     1 ||     1
 Invoke: Channel Magic     |       |       |     1 ||     1
  Evoke: Wand              |       |     6 |     7 ||    13
    Use: Scroll            |     5 |     9 |     8 ||    22
         Potion            |     3 |     6 |     6 ||    15
   Stab: Sleeping          |       |     1 |     2 ||     3
         Confused          |       |       |     3 ||     3
         Distracted        |       |       |     1 ||     1
 Armour: Robe              |     5 |    26 |    81 ||   112
  Dodge: Dodged            |    30 |    70 |   192 ||   292
  Block: Other             |       |     7 |    45 ||    52
         Reflection        |       |       |     2 ||     2
